Workbook

Sheet Industry
A1: JOBS BY INDUSTRY
A3: ORANGE COUNTY
C5: Employment
A6: NAICS Code | B6: NAICS Title | C6: 2026 | D6: 2034 | E6: Growth | F6: Percent Growth
B8: Total, All Industries | C8: 910669 | D8: 1008088 | E8: 97419 | F8: 10.7
A9: 11 | B9: Agriculture, Forestry, Fishing & Hunting | C9: - | D9: - | E9: - | F9: -
A10: 111 | B10: Crop Production | C10: 1322 | D10: 1166 | E10: -156 | F10: -11.8
A11: 112 | B11: Animal Production | C11: 43 | D11: 39 | E11: -4 | F11: -9.3
A12: 114 | B12: Fishing, Hunting and Trapping | C12: 22 | D12: 21 | E12: -1 | F12: -4.5
A13: 115 | B13: Agriculture & Forestry Support Activity | C13: 64 | D13: 57 | E13: -7 | F13: -10.9
A14: 23 | B14: Construction | C14: 37572 | D14: 42401 | E14: 4829 | F14: 12.9
A15: 236 | B15: Construction of Buildings | C15: 9872 | D15: 10982 | E15: 1110 | F15: 11.2
A16: 237 | B16: Heavy and Civil Engineering Construction | C16: 3737 | D16: 4022 | E16: 285 | F16: 7.6
A17: 238 | B17: Specialty Trade Contractors | C17: 23963 | D17: 27397 | E17: 3434 | F17: 14.3
A18: 31 | B18: Manufacturing | C18: 30497 | D18: 32787 | E18: 2290 | F18: 7.5
A19: DUR | B19: Durable Goods Manufacturing | C19: 21333 | D19: 23067 | E19: 1734 | F19: 8.1
A20: 321 | B20: Wood Product Manufacturing | C20: 424 | D20: 490 | E20: 66 | F20: 15.6
A21: 327 | B21: Nonmetallic Mineral Product Mfg | C21: 1700 | D21: 1900 | E21: 200 | F21: 11.8
... A106: 930 | B106: Local Government | C106: 37468 | D106: 39882 | E106: 2414 | F106: 6.4
B107: Self Employed and Unpaid Family Workers, All Jobs | C107: 60028 | D107: 65789 | E107: 5761 | F107: 9.6
A109: - Data not available or releasable.

Sheet IndF
A1: FASTEST-GROWING INDUSTRIES
A3: ORANGE COUNTY
D5: Employment
A6: Rank | B6: NAICS Code | C6: NAICS Title | D6: 2026 | E6: 2034 | F6: Growth | G6: Percent Growth
A8: 1 | B8: 325 | C8: Chemical Manufacturing | D8: 1399 | E8: 1762 | F8: 363 | G8: 25.9
A9: 2 | B9: 484 | C9: Truck Transportation | D9: 4606 | E9: 5645 | F9: 1039 | G9: 22.6
A10: 3 | B10: 518 | C10: ISPs, Search Portals, & Data Processing | D10: 1989 | E10: 2405 | F10: 416 | G10: 20.9
A11: 4 | B11: 541 | C11: Professional and Technical Services | D11: 72370 | E11: 86792 | F11: 14422 | G11: 19.9
A12: 5 | B12: 621 | C12: Ambulatory Health Care Services | D12: 36127 | E12: 42399 | F12: 6272 | G12: 17.4
A13: 6 | B13: 624 | C13: Social Assistance | D13: 10206 | E13: 11956 | F13: 1750 | G13: 17.1
A14: 7 | B14: 481 | C14: Air Transportation | D14: 12169 | E14: 14208 | F14: 2039 | G14: 16.8
A15: 8 | B15: 492 | C15: Couriers and Messengers | D15: 6868 | E15: 7984 | F15: 1116 | G15: 16.2
A16: 9 | B16: 238 | C16: Specialty Trade Contractors | D16: 23963 | E16: 27397 | F16: 3434 | G16: 14.3
A17: 10 | B17: 488 | C17: Support Activities for Transportation | D17: 6780 | E17: 7745 | F17: 965 | G17: 14.2
A18: 11 | B18: 524 | C18: Insurance Carriers & Related Activities | D18: 14946 | E18: 16846 | F18: 1900 | G18: 12.7
A19: 12 | B19: 513 | C19: Publishing Industries | D19: 5208 | E19: 5848 | F19: 640 | G19: 12.3
... A27: 20 | B27: 713 | C27: Amusement, Gambling & Recreation Ind | D27: 83367 | E27: 92253 | F27: 8886 | G27: 10.7
A29: This table includes industries with a minimum of 900 jobs in 2026.

Sheet IndM
A1: INDUSTRIES GAINING THE MOST NEW JOBS
A3: ORANGE COUNTY
D5: Employment
A6: Rank | B6: NAICS Code | C6: NAICS Title | D6: 2026 | E6: 2034 | F6: Growth | G6: Percent Growth
A8: 1 | B8: 541 | C8: Professional and Technical Services | D8: 72370 | E8: 86792 | F8: 14422 | G8: 19.9
A9: 2 | B9: 713 | C9: Amusement, Gambling & Recreation Ind | D9: 83367 | E9: 92253 | F9: 8886 | G9: 10.7
A10: 3 | B10: 722 | C10: Food Services and Drinking Places | D10: 61552 | E10: 68618 | F10: 7066 | G10: 11.5
A11: 4 | B11: 561 | C11: Administrative and Support Services | D11: 71962 | E11: 78451 | F11: 6489 | G11: 9
A12: 5 | B12: 621 | C12: Ambulatory Health Care Services | D12: 36127 | E12: 42399 | F12: 6272 | G12: 17.4
A13: 6 | B13: 721 | C13: Accommodation | D13: 52274 | E13: 57206 | F13: 4932 | G13: 9.4
A14: 7 | B14: 238 | C14: Specialty Trade Contractors | D14: 23963 | E14: 27397 | F14: 3434 | G14: 14.3
A15: 8 | B15: 930 | C15: Local Government | D15: 37468 | E15: 39882 | F15: 2414 | G15: 6.4
A16: 9 | B16: 551 | C16: Management of Companies and Enterprises | D16: 21232 | E16: 23503 | F16: 2271 | G16: 10.7
A17: 10 | B17: 622 | C17: Hospitals | D17: 28944 | E17: 31039 | F17: 2095 | G17: 7.2
A18: 11 | B18: 481 | C18: Air Transportation | D18: 12169 | E18: 14208 | F18: 2039 | G18: 16.8
A19: 12 | B19: 611 | C19: Educational Services | D19: 16339 | E19: 18322 | F19: 1983 | G19: 12.1
... A27: 20 | B27: 455 | C27: General Merchandise Retailers | D27: 11224 | E27: 12401 | F27: 1177 | G27: 10.5

Sheet Occs
A1: JOBS BY OCCUPATION
A3: ORANGE COUNTY
C6: Employment | F6: Job Openings | K6: Education
A7: SOC Code | B7: SOC Title | C7: 2026 | D7: 2034 | E7: Percent Growth | F7: Growth | G7: Exits | H7: Transfers | I7: Total | J7: 2025 Median Hourly Wage ($)* | K7: LMEC** | L7: BLS**
A9: 00-0000 | B9: Total, All Occupations | C9: 910669 | D9: 1008088 | E9: 10.7 | F9: 97419 | G9: 378724 | H9: 484332 | I9: 960475 | J9: - | K9: - | L9: -
A10: 11-0000 | B10: Management Occupations | C10: 72036 | D10: 81208 | E10: 12.7 | F10: 9172 | G10: 16734 | H10: 29473 | I10: 55379 | J10: - | K10: - | L10: -
A11: 11-1000 | B11: Top Executives | C11: 21980 | D11: 24427 | E11: 11.1 | F11: 2447 | G11: 4448 | H11: 9616 | I11: 16511 | J11: - | K11: - | L11: -
A12: 11-1021 | B12: General and Operations Managers | C12: 19294 | D12: 21668 | E12: 12.3 | F12: 2374 | G12: 3793 | H12: 8828 | I12: 14995 | J12: 48.75 | K12: B | L12: B
A13: 11-2000 | B13: Advertising, Marketing, Promotions, Public Relations, and Sales Managers | C13: 6003 | D13: 6731 | E13: 12.1 | F13: 728 | G13: 1129 | H13: 2627 | I13: 4484 | J13: - | K13: - | L13: -
A14: 11-2011 | B14: Advertising and Promotions Managers | C14: 104 | D14: 112 | E14: 7.7 | F14: 8 | G14: 21 | H14: 48 | I14: 77 | J14: 46.88 | K14: B | L14: B
A15: 11-2021 | B15: Marketing Managers | C15: 2081 | D15: 2350 | E15: 12.9 | F15: 269 | G15: 372 | H15: 963 | I15: 1604 | J15: 68.22 | K15: B | L15: B
A16: 11-2022 | B16: Sales Managers | C16: 3439 | D16: 3846 | E16: 11.8 | F16: 407 | G16: 662 | H16: 1456 | I16: 2525 | J16: 63.29 | K16: B | L16: B
A17: 11-2032 | B17: Public Relations Managers | C17: 234 | D17: 267 | E17: 14.1 | F17: 33 | G17: 46 | H17: 100 | I17: 179 | J17: 61.85 | K17: B | L17: B
A18: 11-2033 | B18: Fundraising Managers | C18: 145 | D18: 156 | E18: 7.6 | F18: 11 | G18: 28 | H18: 60 | I18: 99 | J18: 36.57 | K18: B | L18: B
A19: 11-3000 | B19: Operations Specialties Managers | C19: 13055 | D19: 15318 | E19: 17.3 | F19: 2263 | G19: 2801 | H19: 5092 | I19: 10156 | J19: - | K19: - | L19: -
A20: 11-3013 | B20: Facilities Managers | C20: 635 | D20: 711 | E20: 12 | F20: 76 | G20: 201 | H20: 238 | I20: 515 | J20: 48.11 | K20: B | L20: B
... A718: 53-7199 | B718: Material Moving Workers, All Other | C718: 127 | D718: 136 | E718: 7.1 | F718: 9 | G718: 43 | H718: 68 | I718: 120 | J718: 25.04 | K718: NR | L718: NR
A720: * Annual wage rates are reported where hourly wage rates do not exist but annual wage rates do. These rates are italicized.
A721: ** Education levels as assigned by the Florida Labor Market Estimating Conference (LMEC) or by the U.S. Department of Labor, Bureau of Labor Statistics (BLS).
B722: NR: no formal educational credential required
B723: HS: high school diploma or GED
B724: SC: some college, no degree
B725: PS: postsecondary non-degree award
B726: A: associate degree
B727: B: bachelor's degree
B728: M: master's degree
B729: D: doctoral or professional degree

Sheet OccF
A1: FASTEST-GROWING OCCUPATIONS
A3: ORANGE COUNTY
D5: Employment | G5: Job Openings | L5: Education
A6: Rank | B6: SOC Code | C6: SOC Title | D6: 2026 | E6: 2034 | F6: Percent Growth | G6: Growth | H6: Exits | I6: Transfers | J6: Total | K6: 2025 Median Hourly Wage ($)* | L6: LMEC** | M6: BLS**
A8: 1 | B8: 29-1171 | C8: Nurse Practitioners | D8: 1096 | E8: 1629 | F8: 48.6 | G8: 533 | H8: 243 | I8: 229 | J8: 1005 | K8: 63.07 | L8: M | M8: M
A9: 2 | B9: 15-2051 | C9: Data Scientists | D9: 1021 | E9: 1407 | F9: 37.8 | G9: 386 | H9: 196 | I9: 315 | J9: 897 | K9: 51.07 | L9: B | M9: B
A10: 3 | B10: 15-1212 | C10: Information Security Analysts | D10: 1555 | E10: 2081 | F10: 33.8 | G10: 526 | H10: 259 | I10: 490 | J10: 1275 | K10: 62.39 | L10: B | M10: B
A11: 4 | B11: 29-1071 | C11: Physician Assistants | D11: 834 | E11: 1110 | F11: 33.1 | G11: 276 | H11: 156 | I11: 221 | J11: 653 | K11: 63.22 | L11: M | M11: M
A12: 5 | B12: 15-1252 | C12: Software Developers | D12: 10443 | E12: 13466 | F12: 28.9 | G12: 3023 | H12: 1609 | I12: 3018 | J12: 7650 | K12: 62.24 | L12: B | M12: B
A13: 6 | B13: 11-9111 | C13: Medical and Health Services Managers | D13: 3030 | E13: 3884 | F13: 28.2 | G13: 854 | H13: 723 | I13: 1199 | J13: 2776 | K13: 53.28 | L13: B | M13: B
A14: 7 | B14: 15-2031 | C14: Operations Research Analysts | D14: 617 | E14: 776 | F14: 25.8 | G14: 159 | H14: 174 | I14: 148 | J14: 481 | K14: 36.64 | L14: B | M14: B
A15: 8 | B15: 13-1081 | C15: Logisticians | D15: 1236 | E15: 1544 | F15: 24.9 | G15: 308 | H15: 282 | I15: 672 | J15: 1262 | K15: 37.09 | L15: B | M15: B
A16: 9 | B16: 53-2031 | C16: Flight Attendants | D16: 3471 | E16: 4295 | F16: 23.7 | G16: 824 | H16: 2001 | I16: 2217 | J16: 5042 | K16: 59,396.00 | L16: HS | M16: HS
A17: 10 | B17: 15-1253 | C17: Software Quality Assurance Analysts and Testers | D17: 1368 | E17: 1682 | F17: 23 | G17: 314 | H17: 288 | I17: 404 | J17: 1006 | K17: 50.12 | L17: B | M17: B
A18: 11 | B18: 49-9041 | C18: Industrial Machinery Mechanics | D18: 913 | E18: 1116 | F18: 22.2 | G18: 203 | H18: 310 | I18: 350 | J18: 863 | K18: 27.84 | L18: PS | M18: HS
A19: 12 | B19: 25-1072 | C19: Nursing Instructors and Teachers, Postsecondary | D19: 619 | E19: 755 | F19: 22 | G19: 136 | H19: 214 | I19: 178 | J19: 528 | K19: 77,011.00 | L19: M | M19: D
... A107: 100 | B107: 53-3031 | C107: Driver/Sales Workers | D107: 2895 | E107: 3268 | F107: 12.9 | G107: 373 | H107: 1085 | I107: 1388 | J107: 2846 | K107: 18.19 | L107: HS | M107: HS
A109: This table includes occupations with a minimum of 380 jobs in 2026.
A111: * Annual wage rates are reported where hourly wage rates do not exist but annual wage rates do. These rates are italicized.
A112: ** Education levels as assigned by the Florida Labor Market Estimating Conference (LMEC) or by the U.S. Department of Labor, Bureau of Labor Statistics (BLS).
C113: NR: no formal educational credential required
C114: HS: high school diploma or GED
C115: SC: some college, no degree
C116: PS: postsecondary non-degree award
C117: A: associate degree
C118: B: bachelor's degree
C119: M: master's degree
C120: D: doctoral or professional degree

Sheet OccM
A1: OCCUPATIONS GAINING THE MOST NEW JOBS
A3: ORANGE COUNTY
D5: Employment | G5: Job Openings | L5: Education
A6: Rank | B6: SOC Code | C6: SOC Title | D6: 2026 | E6: 2034 | F6: Percent Growth | G6: Growth | H6: Exits | I6: Transfers | J6: Total | K6: 2025 Median Hourly Wage ($)* | L6: LMEC** | M6: BLS**
A8: 1 | B8: 35-2014 | C8: Cooks, Restaurant | D8: 14142 | E8: 17219 | F8: 21.8 | G8: 3077 | H8: 8436 | I8: 9879 | J8: 21392 | K8: 18.34 | L8: HS | M8: NR
A9: 2 | B9: 15-1252 | C9: Software Developers | D9: 10443 | E9: 13466 | F9: 28.9 | G9: 3023 | H9: 1609 | I9: 3018 | J9: 7650 | K9: 62.24 | L9: B | M9: B
A10: 3 | B10: 11-1021 | C10: General and Operations Managers | D10: 19294 | E10: 21668 | F10: 12.3 | G10: 2374 | H10: 3793 | I10: 8828 | J10: 14995 | K10: 48.75 | L10: B | M10: B
A11: 4 | B11: 35-3023 | C11: Fast Food and Counter Workers | D11: 18887 | E11: 21195 | F11: 12.2 | G11: 2308 | H11: 16507 | I11: 19592 | J11: 38407 | K11: 13.81 | L11: NR | M11: NR
A12: 5 | B12: 41-2031 | C12: Retail Salespersons | D12: 28016 | E12: 30314 | F12: 8.2 | G12: 2298 | H12: 15544 | I12: 17597 | J12: 35439 | K12: 15.19 | L12: HS | M12: NR
A13: 6 | B13: 53-7065 | C13: Stockers and Order Fillers | D13: 16935 | E13: 19058 | F13: 12.5 | G13: 2123 | H13: 9574 | I13: 12845 | J13: 24542 | K13: 17.53 | L13: HS | M13: HS
A14: 7 | B14: 35-3031 | C14: Waiters and Waitresses | D14: 23148 | E14: 25131 | F14: 8.6 | G14: 1983 | H14: 15909 | I14: 22218 | J14: 40110 | K14: 16.95 | L14: NR | M14: NR
A15: 8 | B15: 39-3091 | C15: Amusement and Recreation Attendants | D15: 22928 | E15: 24834 | F15: 8.3 | G15: 1906 | H15: 20329 | I15: 28076 | J15: 50311 | K15: 14.88 | L15: NR | M15: NR
A16: 9 | B16: 53-7062 | C16: Laborers and Freight, Stock, and Material Movers, Hand | D16: 14359 | E16: 16021 | F16: 11.6 | G16: 1662 | H16: 6063 | I16: 9270 | J16: 16995 | K16: 18.78 | L16: NR | M16: NR
A17: 10 | B17: 29-1141 | C17: Registered Nurses | D17: 15974 | E17: 17416 | F17: 9 | G17: 1442 | H17: 3764 | I17: 2866 | J17: 8072 | K17: 40.38 | L17: B | M17: B
A18: 11 | B18: 41-3091 | C18: Sales Representatives of Services, Except Advertising, Insurance, Financial Services, and Travel | D18: 10353 | E18: 11677 | F18: 12.8 | G18: 1324 | H18: 2639 | I18: 5796 | J18: 9759 | K18: 28.08 | L18: B | M18: HS
A19: 12 | B19: 33-9032 | C19: Security Guards | D19: 10561 | E19: 11850 | F19: 12.2 | G19: 1289 | H19: 4549 | I19: 6826 | J19: 12664 | K19: 17.06 | L19: HS | M19: HS
... A107: 100 | B107: 53-6021 | C107: Parking Attendants | D107: 2644 | E107: 2886 | F107: 9.2 | G107: 242 | H107: 1142 | I107: 1758 | J107: 3142 | K107: 14.15 | L107: NR | M107: NR
A109: * Annual wage rates are reported where hourly wage rates do not exist but annual wage rates do. These rates are italicized.
A110: ** Education levels as assigned by the Florida Labor Market Estimating Conference (LMEC) or by the U.S. Department of Labor, Bureau of Labor Statistics (BLS).
C111: NR: no formal educational credential required
C112: HS: high school diploma or GED
C113: SC: some college, no degree
C114: PS: postsecondary non-degree award
C115: A: associate degree
C116: B: bachelor's degree
C117: M: master's degree
C118: D: doctoral or professional degree

Sheet OccD
A1: DECLINING OR SLOW-GROWTH OCCUPATIONS
A3: ORANGE COUNTY
D5: Employment | G5: Job Openings | L5: Education
A6: Rank | B6: SOC Code | C6: SOC Title | D6: 2026 | E6: 2034 | F6: Percent Growth | G6: Growth | H6: Exits | I6: Transfers | J6: Total | K6: 2025 Median Hourly Wage ($)* | L6: LMEC** | M6: BLS**
A8: 1 | B8: 43-9022 | C8: Word Processors and Typists | D8: 98 | E8: 78 | F8: -20.4 | G8: -20 | H8: 43 | I8: 36 | J8: 59 | K8: 17.82 | L8: HS | M8: HS
A9: 2 | B9: 43-2011 | C9: Switchboard Operators, Including Answering Service | D9: 350 | E9: 292 | F9: -16.6 | G9: -58 | H9: 149 | I9: 152 | J9: 243 | K9: 17.78 | L9: HS | M9: HS
A10: 3 | B10: 51-6021 | C10: Pressers, Textile, Garment, and Related Materials | D10: 133 | E10: 114 | F10: -14.3 | G10: -19 | H10: 66 | I10: 51 | J10: 98 | K10: 14.99 | L10: NR | M10: NR
A11: 4 | B11: 41-9041 | C11: Telemarketers | D11: 552 | E11: 477 | F11: -13.6 | G11: -75 | H11: 212 | I11: 335 | J11: 472 | K11: 15.00 | L11: HS | M11: NR
A12: 5 | B12: 43-6011 | C12: Executive Secretaries and Executive Administrative Assistants | D12: 1689 | E12: 1507 | F12: -10.8 | G12: -182 | H12: 584 | I12: 717 | J12: 1119 | K12: 31.23 | L12: SC | M12: HS
A13: 6 | B13: 43-9021 | C13: Data Entry Keyers | D13: 642 | E13: 576 | F13: -10.3 | G13: -66 | H13: 229 | I13: 293 | J13: 456 | K13: 17.86 | L13: HS | M13: HS
A14: 7 | B14: 51-4022 | C14: Forging Machine Setters, Operators, and Tenders, Metal and Plastic | D14: 21 | E14: 19 | F14: -9.5 | G14: -2 | H14: 6 | I14: 10 | J14: 14 | K14: - | L14: HS | M14: HS
A15: 8 | B15: 51-5113 | C15: Print Binding and Finishing Workers | D15: 146 | E15: 133 | F15: -8.9 | G15: -13 | H15: 51 | I15: 64 | J15: 102 | K15: 17.85 | L15: HS | M15: HS
A16: 9 | B16: 51-5111 | C16: Prepress Technicians and Workers | D16: 93 | E16: 86 | F16: -7.5 | G16: -7 | H16: 39 | I16: 54 | J16: 86 | K16: 20.31 | L16: PS | M16: PS
A17: 10 | B17: 43-6012 | C17: Legal Secretaries and Administrative Assistants | D17: 1031 | E17: 957 | F17: -7.2 | G17: -74 | H17: 660 | I17: 414 | J17: 1000 | K17: 22.40 | L17: SC | M17: HS
A18: 11 | B18: 41-9091 | C18: Door-to-Door Sales Workers, News and Street Vendors, and Related Workers | D18: 351 | E18: 326 | F18: -7.1 | G18: -25 | H18: 173 | I18: 156 | J18: 304 | K18: - | L18: HS | M18: NR
A19: 12 | B19: 43-9071 | C19: Office Machine Operators, Except Computer | D19: 90 | E19: 84 | F19: -6.7 | G19: -6 | H19: 43 | I19: 52 | J19: 89 | K19: 20.26 | L19: HS | M19: HS
... A107: 100 | B107: 51-3091 | C107: Food and Tobacco Roasting, Baking, and Drying Machine Operators and Tenders | D107: 59 | E107: 62 | F107: 5.1 | G107: 3 | H107: 18 | I107: 38 | J107: 59 | K107: 16.85 | L107: NR | M107: NR
A109: This table includes occupations with a minimum of 20 jobs in 2026.
A111: * Annual wage rates are reported where hourly wage rates do not exist but annual wage rates do. These rates are italicized.
A112: ** Education levels as assigned by the Florida Labor Market Estimating Conference (LMEC) or by the U.S. Department of Labor, Bureau of Labor Statistics (BLS).
C113: NR: no formal educational credential required
C114: HS: high school diploma or GED
C115: SC: some college, no degree
C116: PS: postsecondary non-degree award
C117: A: associate degree
C118: B: bachelor's degree
C119: M: master's degree
C120: D: doctoral or professional degree

Sheet Reference
A1: 11 | B1: DUR | C1: =RIGHT(Occs!A9,4) -> 0000 | D1: =IF(AND(LEFT(C1,1)<>"0",RIGHT(C1,3)="000"),1,0) -> 0 | E1: =IF(RIGHT(C1,2)<>"00",1,0) -> 0
A2: 21 | B2: NONDUR | C2: =RIGHT(Occs!A10,4) -> 0000 | D2: =IF(AND(LEFT(C2,1)<>"0",RIGHT(C2,3)="000"),1,0) -> 0 | E2: =IF(RIGHT(C2,2)<>"00",1,0) -> 0
A3: 23 | B3: 22 | C3: =RIGHT(Occs!A11,4) -> 1000 | D3: =IF(AND(LEFT(C3,1)<>"0",RIGHT(C3,3)="000"),1,0) -> 1 | E3: =IF(RIGHT(C3,2)<>"00",1,0) -> 0
A4: 31 | B4: 42 | C4: =RIGHT(Occs!A12,4) -> 1021 | D4: =IF(AND(LEFT(C4,1)<>"0",RIGHT(C4,3)="000"),1,0) -> 0 | E4: =IF(RIGHT(C4,2)<>"00",1,0) -> 1
A5: 1021 | B5: 44 | C5: =RIGHT(Occs!A13,4) -> 2000 | D5: =IF(AND(LEFT(C5,1)<>"0",RIGHT(C5,3)="000"),1,0) -> 1 | E5: =IF(RIGHT(C5,2)<>"00",1,0) -> 0
A6: 51 | B6: 48 | C6: =RIGHT(Occs!A14,4) -> 2011 | D6: =IF(AND(LEFT(C6,1)<>"0",RIGHT(C6,3)="000"),1,0) -> 0 | E6: =IF(RIGHT(C6,2)<>"00",1,0) -> 1
A7: 1023 | B7: 52 | C7: =RIGHT(Occs!A15,4) -> 2021 | D7: =IF(AND(LEFT(C7,1)<>"0",RIGHT(C7,3)="000"),1,0) -> 0 | E7: =IF(RIGHT(C7,2)<>"00",1,0) -> 1
A8: 1024 | B8: 53 | C8: =RIGHT(Occs!A16,4) -> 2022 | D8: =IF(AND(LEFT(C8,1)<>"0",RIGHT(C8,3)="000"),1,0) -> 0 | E8: =IF(RIGHT(C8,2)<>"00",1,0) -> 1
A9: 1025 | B9: 54 | C9: =RIGHT(Occs!A17,4) -> 2032 | D9: =IF(AND(LEFT(C9,1)<>"0",RIGHT(C9,3)="000"),1,0) -> 0 | E9: =IF(RIGHT(C9,2)<>"00",1,0) -> 1
A10: 1026 | B10: 55 | C10: =RIGHT(Occs!A18,4) -> 2033 | D10: =IF(AND(LEFT(C10,1)<>"0",RIGHT(C10,3)="000"),1,0) -> 0 | E10: =IF(RIGHT(C10,2)<>"00",1,0) -> 1
A11: 81 | B11: 56 | C11: =RIGHT(Occs!A19,4) -> 3000 | D11: =IF(AND(LEFT(C11,1)<>"0",RIGHT(C11,3)="000"),1,0) -> 1 | E11: =IF(RIGHT(C11,2)<>"00",1,0) -> 0
A12: 90 | B12: 61 | C12: =RIGHT(Occs!A20,4) -> 3013 | D12: =IF(AND(LEFT(C12,1)<>"0",RIGHT(C12,3)="000"),1,0) -> 0 | E12: =IF(RIGHT(C12,2)<>"00",1,0) -> 1
B13: 62 | C13: =RIGHT(Occs!A21,4) -> 3021 | D13: =IF(AND(LEFT(C13,1)<>"0",RIGHT(C13,3)="000"),1,0) -> 0 | E13: =IF(RIGHT(C13,2)<>"00",1,0) -> 1
B14: 71 | C14: =RIGHT(Occs!A22,4) -> 3031 | D14: =IF(AND(LEFT(C14,1)<>"0",RIGHT(C14,3)="000"),1,0) -> 0 | E14: =IF(RIGHT(C14,2)<>"00",1,0) -> 1
B15: 72 | C15: =RIGHT(Occs!A23,4) -> 3051 | D15: =IF(AND(LEFT(C15,1)<>"0",RIGHT(C15,3)="000"),1,0) -> 0 | E15: =IF(RIGHT(C15,2)<>"00",1,0) -> 1
C16: =RIGHT(Occs!A24,4) -> 3061 | D16: =IF(AND(LEFT(C16,1)<>"0",RIGHT(C16,3)="000"),1,0) -> 0 | E16: =IF(RIGHT(C16,2)<>"00",1,0) -> 1
C17: =RIGHT(Occs!A25,4) -> 3071 | D17: =IF(AND(LEFT(C17,1)<>"0",RIGHT(C17,3)="000"),1,0) -> 0 | E17: =IF(RIGHT(C17,2)<>"00",1,0) -> 1
C18: =RIGHT(Occs!A26,4) -> 3121 | D18: =IF(AND(LEFT(C18,1)<>"0",RIGHT(C18,3)="000"),1,0) -> 0 | E18: =IF(RIGHT(C18,2)<>"00",1,0) -> 1
C19: =RIGHT(Occs!A27,4) -> 3131 | D19: =IF(AND(LEFT(C19,1)<>"0",RIGHT(C19,3)="000"),1,0) -> 0 | E19: =IF(RIGHT(C19,2)<>"00",1,0) -> 1
C20: =RIGHT(Occs!A28,4) -> 9000 | D20: =IF(AND(LEFT(C20,1)<>"0",RIGHT(C20,3)="000"),1,0) -> 1 | E20: =IF(RIGHT(C20,2)<>"00",1,0) -> 0
C21: =RIGHT(Occs!A29,4) -> 9013 | D21: =IF(AND(LEFT(C21,1)<>"0",RIGHT(C21,3)="000"),1,0) -> 0 | E21: =IF(RIGHT(C21,2)<>"00",1,0) -> 1
C22: =RIGHT(Occs!A30,4) -> 9021 | D22: =IF(AND(LEFT(C22,1)<>"0",RIGHT(C22,3)="000"),1,0) -> 0 | E22: =IF(RIGHT(C22,2)<>"00",1,0) -> 1
C23: =RIGHT(Occs!A31,4) -> 9031 | D23: =IF(AND(LEFT(C23,1)<>"0",RIGHT(C23,3)="000"),1,0) -> 0 | E23: =IF(RIGHT(C23,2)<>"00",1,0) -> 1
C24: =RIGHT(Occs!A32,4) -> 9032 | D24: =IF(AND(LEFT(C24,1)<>"0",RIGHT(C24,3)="000"),1,0) -> 0 | E24: =IF(RIGHT(C24,2)<>"00",1,0) -> 1
C25: =RIGHT(Occs!A33,4) -> 9033 | D25: =IF(AND(LEFT(C25,1)<>"0",RIGHT(C25,3)="000"),1,0) -> 0 | E25: =IF(RIGHT(C25,2)<>"00",1,0) -> 1
C26: =RIGHT(Occs!A34,4) -> 9039 | D26: =IF(AND(LEFT(C26,1)<>"0",RIGHT(C26,3)="000"),1,0) -> 0 | E26: =IF(RIGHT(C26,2)<>"00",1,0) -> 1
C27: =RIGHT(Occs!A35,4) -> 9041 | D27: =IF(AND(LEFT(C27,1)<>"0",RIGHT(C27,3)="000"),1,0) -> 0 | E27: =IF(RIGHT(C27,2)<>"00",1,0) -> 1
... C2034: =RIGHT(Occs!A2042,4) | D2034: =IF(AND(LEFT(C2034,1)<>"0",RIGHT(C2034,3)="000"),1,0) -> 0 | E2034: =IF(RIGHT(C2034,2)<>"00",1,0) -> 1
